 Dungeon Crawl Stone Soup version 0.18.1-50-g88ac8fd (webtiles) character file.

813 go0n the Covert (level 7, -2/49 HPs)
             Began as an Octopode Assassin on Sept 16, 2016.
             Slain by jazmu's ghost (15 damage)
             ... on level 5 of the Dungeon.
             The game lasted 00:29:13 (3988 turns).

go0n the Covert (Octopode Assassin)                 Turns: 3988, Time: 00:29:14

Health: -2/49      AC:  1    Str: 10 (11) XL:     7   Next: 93%
Magic:  7/7        EV:  8    Int: 12 (13) God:
Gold:   219        SH:  0    Dex: 14 (15) Spells: 0 memorised, 6 levels left

rFire  . . .     SeeInvis .     t - +3 dagger (venom)
rCold  . . .     Gourm    .     (no shield)
rNeg   . . .     Faith    .     (helmet restricted)
rPois  .         Spirit   .     g - amulet of regeneration
rElec  .         Dismiss  .     (no ring)
rCorr  .         Reflect  .     (no ring)
SustAt .         Harm     .     (no ring)
MR     .....                    (no ring)
Stlth  ++++++....               (no ring)
                                (no ring)
                                (no ring)
                                (no ring)

@: not resistant to hostile enchantments, very stealthy
A: almost no armour, amphibious, 8 rings, constrict 8, camouflage 1, gelatinous
body 1
a: no special abilities


You were on level 5 of the Dungeon.
You were not hungry.

You visited 1 branch of the dungeon, and saw 5 of its levels.

You collected 219 gold pieces.

Inventory:

Hand Weapons
 a - a +2 dagger
 b - a +0 blowgun
 t - a +3 dagger of venom (weapon)
 u - a +0 dagger of holy wrath
 x - a +2 short sword of flaming
Missiles
 c - 27 poisoned needles (quivered)
 d - 2 curare-tipped needles
 q - 8 needles of confusion
 r - 3 needles of paralysis
 B - 3 tomahawks
Jewellery
 e - an uncursed amulet of guardian spirit
 g - an amulet of regeneration (around mantle)
 h - an uncursed amulet of harm
 y - a -3 ring of slaying
Scrolls
 i - 3 scrolls of amnesia
 o - a scroll of random uselessness
 z - a scroll of enchant armour
Potions
 n - a potion of berserk rage
 v - a potion of brilliance
Comestibles
 f - 6 bread rations
 j - a slice of pizza


   Skills:
 + Level 4.7 Fighting
 + Level 4.9 Short Blades
 - Level 2.0 Throwing
 - Level 2.8 Dodging
 * Level 8.9 Stealth


You had 6 spell levels left.
You didn't know any spells.

Dungeon Overview and Level Annotations

Branches:
Dungeon (5/15)
 Temple: D:4-7

Altars:
Ashenzari
Vehumet
Zin

Annotations:
D:5 jazmu's ghost, novice OpFE


Innate Abilities, Weirdness & Mutations

You cannot wear most types of armour.
You are amphibious.
You can wear up to eight rings at the same time.
You can use your tentacles to constrict eight enemies at once.
Your skin changes colour to match your surroundings (Stealth).
Your rubbery body absorbs attacks (AC +1).


Message History

HP restored.
There is a stone staircase leading down here.
You climb downwards.
Level annotation: jazmu's ghost, novice OpFE
There is a stone staircase leading up here.
Jazmu's ghost casts a spell at you. The flame tongue misses you.
You barely miss jazmu's ghost. Your squeeze misses jazmu's ghost.
Jazmu's ghost wails.
Jazmu's ghost stares at you and mumbles some strange words.
The flame tongue hits you!
You puncture jazmu's ghost! Your squeeze misses jazmu's ghost.
Jazmu's ghost is lightly damaged.
Jazmu's ghost hits you.
You are electrocuted!
Your magical contamination has completely faded away.
There is a stone staircase leading up here.
Jazmu's ghost hits you.
* * * LOW HITPOINT WARNING * * *
You are electrocuted!
You die...

♣.$.♣....# .
♣.⌠.♣....#.
..♣.$)♣....#.##
..♣♣♣.♣....+..#
.....⌠.....##>#
...........##.#
#.........###.#
###......##...######
####'#####.>.W@..#
#...)....####.#
#......##### .#
#.##.#.# .# #. #.#.#
.# # ..... .#
....... .. ....#....
#. #..###.....


You could see jazmu's ghost.

Vanquished Creatures
  The ghost of daning the Slasher, an amateur HESk of Okawaru (D:4)
  An ogre (D:5)
  Blork the orc (D:4)
  A giant frog (D:4)
  A gnoll sergeant (D:5)
  2 scorpions (D:4)
  2 hounds
  Ijyb (D:3)
  A worker ant (D:4)
  A hound skeleton (D:4)
  Robin (D:3)
  3 adders
  2 oozes
  2 worms
  A dart slug (D:2)
  A giant gecko (D:2)
  2 orcs (D:4)
  5 giant cockroaches (D:2)
  19 goblins
  7 hobgoblins
  2 jackals (D:2)
  4 quokkas
  8 bats
  5 giant newts
  7 kobolds
  3 rats
84 creatures vanquished.

Notes
Turn   | Place    | Note
--------------------------------------------------------------
     0 | D:1      | go0n the Octopode Assassin began the quest for the Orb.
     0 | D:1      | Reached XP level 1. HP: 14/14 MP: 1/1
   176 | D:1      | Reached XP level 2. HP: 13/19 MP: 2/2
   649 | D:1      | Reached XP level 3. HP: 18/25 MP: 3/3
  1143 | D:2      | Reached XP level 4. HP: 28/30 MP: 4/4
  1799 | D:3      | Noticed Ijyb
  1812 | D:3      | Killed Ijyb
  1815 | D:3      | Reached XP level 5. HP: 7/36 MP: 5/5
  2412 | D:3      | Noticed Robin
  2428 | D:3      | Killed Robin
  2711 | D:4      | Noticed Blork the orc
  2728 | D:4      | Killed Blork the orc
  2728 | D:4      | Reached skill level 6 in Stealth
  2793 | D:4      | Found a radiant altar of Vehumet.
  2804 | D:4      | Reached XP level 6. HP: 19/42 MP: 6/6
  3121 | D:4      | Found a shattered altar of Ashenzari.
  3343 | D:4      | Reached skill level 7 in Stealth
  3359 | D:4      | Noticed daning's ghost (amateur HESk)
  3389 | D:4      | Killed daning's ghost
  3389 | D:4      | Reached XP level 7. HP: 21/48 MP: 7/7
  3434 | D:4      | Reached skill level 8 in Stealth
  3452 | D:4      | Found a glowing silver altar of Zin.
  3831 | D:5      | Entered Level 5 of the Dungeon
  3853 | D:5      | Noticed jazmu's ghost (novice OpFE)
  3880 | D:5      | HP: 1/49 [jazmu's ghost/flame tongue (11)]
  3988 | D:5      | Slain by jazmu's ghost

Skill      XL: |  1  2  3  4  5  6  7 |
---------------+----------------------+-----
Short Blades   | 3 4 |  4.9
Dodging        | 2 |  2.8
Fighting       | 3 4 |  4.7
Stealth        | 6 7 8 |  8.9
Throwing       | |  2.0

Action                   |  1- 3 |  4- 6 |  7- 9 || total
-------------------------+-------+-------+-------++-------
Melee: Dagger            |    62 |   103 |    25 ||   190
       Constrict         |    19 |    21 |     3 ||    43
       Tentacles         |     7 |    24 |     6 ||    37
 Fire: Blowgun           |    38 |    16 |       ||    54
  Use: Scroll            |     6 |     3 |     1 ||    10
       Potion            |       |     3 |     9 ||    12
 Stab: Sleeping          |     2 |     9 |     2 ||    13
  Eat: Chunk             |       |     2 |       ||     2
       Meat ration       |       |     1 |       ||     1
       Bread ration      |       |       |     1 ||     1
Armor: Skin              |     7 |     5 |     2 ||    14
Dodge: Dodged            |    35 |    57 |     4 ||    96
